General information
- name: BNet
- type: Ladder team game (AT/RT)
- host: Battle.net
- saver: TimGandDaGooble
map: HurricaneIsle
- players: 8
- length: 20:33
- speed: Fast
- version: 1.23 W3XP
- replay type: Public
» download(177 KB)
Players
team 1 (winner)
Starshaped (
pink | 68 APM | 1387 actions | 20:32)
5 Archmage
3 Summon Water Elemental
2 Brilliance Aura
» actions
| Assign group hotkey | 19 | |
| Basic commands | 47 | |
| Build / train | 71 | |
| ESC pressed | 3 | |
| Enter build submenu | 54 | |
| Enter hero's abilities submenu | 5 | |
| Give item / drop item | 2 | |
| Remove unit from queue | 2 | |
| Right click | 379 | |
| Select / deselect | 385 | |
| Select group hotkey | 289 | |
| Use ability | 131 | |
1387 total
» units
| Peasant | 20 | |
| Goblin Zeppelin | 2 | |
| Priest | 2 | |
| Sorceress | 2 | |
| Spell Breaker | 1 | |
| Mortar Team | 2 | |
29 total
» upgrades
| Masonry | 3 | |
| Sorceress Training | 2 | |
| Priest Training | 2 | |
| Plating | 1 | |
| Magic Sentry | 1 | |
| Swords | 1 | |
| Gunpowder | 1 | |
| Fragmentation Shards | 1 | |
| Flare | 1 | |
13 total
» buildings
| Lumber Mill | 1 | |
| Altar of Kings | 1 | |
| Scout Tower | 17 | |
| Farm | 13 | |
| Guard Tower | 11 | |
| Blacksmith | 1 | |
| Arcane Vault | 4 | |
| Keep | 1 | |
| Arcane Sanctum | 3 | |
| Town Hall | 2 | |
| Castle | 1 | |
| Workshop | 3 | |
58 total
» build order
00:13 Lumber Mill
00:37 Altar of Kings
00:44 Scout Tower
01:11 Scout Tower
01:13 Scout Tower
01:41 Farm
01:44 Guard Tower
01:46 Scout Tower
01:51 Farm
02:13 Farm
02:16 Guard Tower
02:41 Scout Tower
02:54 Scout Tower
03:16 Blacksmith
03:31 Arcane Vault
04:06 Farm
04:38 Keep
04:52 Farm
06:59 Arcane Sanctum
07:00 Arcane Sanctum
07:01 Arcane Sanctum
07:05 Town Hall
07:43 Farm
07:44 Farm
09:11 Scout Tower
09:12 Scout Tower
09:13 Scout Tower
10:02 Guard Tower
10:14 Guard Tower
11:50 Castle
11:52 Guard Tower
11:53 Arcane Vault
11:54 Arcane Vault
13:04 Scout Tower
13:05 Scout Tower
13:08 Scout Tower
13:37 Guard Tower
13:39 Town Hall
13:41 Scout Tower
13:50 Scout Tower
13:52 Scout Tower
14:13 Guard Tower
14:14 Scout Tower
14:37 Guard Tower
14:52 Guard Tower
14:56 Arcane Vault
15:03 Scout Tower
16:38 Guard Tower
17:29 Workshop
17:30 Workshop
17:31 Workshop
18:01 Guard Tower
18:15 Farm
18:15 Farm
18:16 Farm
18:19 Farm
18:21 Farm
18:25 Farm
» items
| Scroll of Regeneration | 1 | |
| Ivory Tower | 5 | |
| Orb of Fire | 1 | |
7 total
TIMG4STRok (
yellow | 78 APM | 1613 actions | 20:32)
5 Archmage
3 Summon Water Elemental
2 Brilliance Aura
» actions
| Assign group hotkey | 30 | |
| Basic commands | 17 | |
| Build / train | 68 | |
| ESC pressed | 4 | |
| Enter build submenu | 27 | |
| Enter hero's abilities submenu | 5 | |
| Give item / drop item | 5 | |
| Right click | 664 | |
| Select / deselect | 329 | |
| Select group hotkey | 377 | |
| Use ability | 87 | |
1613 total
» units
| Peasant | 10 | |
| Footman | 9 | |
| Goblin Zeppelin | 3 | |
| Goblin Shredder | 1 | |
| Gryphon Rider | 7 | |
30 total
» upgrades
| Masonry | 3 | |
| Swords | 4 | |
| Defend | 1 | |
| Armor | 3 | |
| Storm Hammers | 1 | |
| Animal War Training | 1 | |
| Gunpowder | 1 | |
14 total
» buildings
| Altar of Kings | 1 | |
| Barracks | 1 | |
| Farm | 10 | |
| Arcane Vault | 1 | |
| Town Hall | 1 | |
| Lumber Mill | 1 | |
| Keep | 1 | |
| Blacksmith | 1 | |
| Scout Tower | 11 | |
| Guard Tower | 5 | |
| Gryphon Aviary | 2 | |
| Castle | 1 | |
| Workshop | 1 | |
37 total
» build order
00:07 Altar of Kings
00:14 Barracks
00:18 Farm
00:50 Farm
01:25 Farm
02:27 Arcane Vault
03:20 Farm
04:23 Town Hall
04:37 Lumber Mill
06:14 Keep
06:42 Farm
07:01 Blacksmith
09:12 Scout Tower
09:12 Scout Tower
09:13 Scout Tower
09:14 Scout Tower
09:16 Scout Tower
09:47 Guard Tower
10:22 Gryphon Aviary
10:26 Gryphon Aviary
10:58 Castle
11:06 Scout Tower
11:06 Scout Tower
11:07 Scout Tower
11:07 Scout Tower
11:14 Scout Tower
11:15 Scout Tower
12:24 Guard Tower
12:31 Guard Tower
12:31 Guard Tower
12:46 Guard Tower
12:47 Farm
12:48 Farm
12:48 Farm
12:49 Farm
12:49 Farm
19:13 Workshop
» items
| Scroll of Regeneration | 4 | |
| Lesser Clarity Potion | 2 | |
| Boots of Speed | 1 | |
| Staff of Teleportation | 1 | |
| Potion of Lesser Invulnerability | 1 | |
| Potion of Greater Healing | 1 | |
| Staff of Sanctuary | 1 | |
11 total
TimGandDaGooble (
orange | 69 APM | 1415 actions | 20:33)
6 Shadow Hunter
3 Serpent Ward
2 Hex
1 Big Bad Voodoo
1 Tauren Chieftain
1 War Stomp
» actions
| Assign group hotkey | 18 | |
| Build / train | 68 | |
| ESC pressed | 2 | |
| Enter build submenu | 12 | |
| Enter hero's abilities submenu | 7 | |
| Give item / drop item | 3 | |
| Right click | 649 | |
| Select / deselect | 446 | |
| Select group hotkey | 124 | |
| Use ability | 86 | |
1415 total
» units
| Peon | 11 | |
| Grunt | 5 | |
| Goblin Shredder | 1 | |
| Goblin Zeppelin | 3 | |
| Troll Batrider | 9 | |
| Wind Rider | 5 | |
34 total
» upgrades
| Berserker Strength | 1 | |
| Armor | 2 | |
| Ranged Weapons | 2 | |
| Envenomed Spears | 1 | |
| Liquid Fire | 1 | |
| Reinforced Defenses | 1 | |
8 total
» buildings
| Altar of Storms | 1 | |
| Orc Burrow | 4 | |
| Barracks | 1 | |
| Voodoo Lounge | 1 | |
| Great Hall | 1 | |
| Stronghold | 1 | |
| War Mill | 1 | |
| Beastiary | 2 | |
| Fortress | 1 | |
13 total
» build order
00:04 Altar of Storms
00:08 Orc Burrow
00:49 Barracks
01:40 Orc Burrow
02:13 Voodoo Lounge
03:52 Orc Burrow
05:37 Great Hall
05:40 Stronghold
06:18 War Mill
07:01 Orc Burrow
10:09 Beastiary
10:10 Beastiary
11:10 Fortress
» items
| Healing Salve | 4 | |
| Lesser Clarity Potion | 3 | |
| Scroll of Town Portal | 3 | |
| Orb of Lightning | 1 | |
| Potion of Healing | 1 | |
| Tiny Great Hall | 1 | |
13 total
Towers4Algernon (
red | 134 APM | 2750 actions | 20:32)
6 Blademaster
3 Wind Walk
2 Critical Strike
1 Bladestorm
» actions
| Assign group hotkey | 277 | |
| Basic commands | 10 | |
| Build / train | 90 | |
| Enter build submenu | 38 | |
| Enter hero's abilities submenu | 6 | |
| Give item / drop item | 1 | |
| Remove unit from queue | 8 | |
| Right click | 1384 | |
| Select / deselect | 630 | |
| Select group hotkey | 203 | |
| Use ability | 103 | |
2750 total
» units
| Peon | 17 | |
| Grunt | 8 | |
| Troll Headhunter/Berserker | 2 | |
| Demolisher | 1 | |
| Goblin Zeppelin | 5 | |
| Troll Batrider | 1 | |
| Wind Rider | 7 | |
| Goblin Sapper | 8 | |
49 total
» upgrades
| Armor | 1 | |
| Berserker Strength | 1 | |
| Ranged Weapons | 2 | |
| Troll Regeneration | 1 | |
| Envenomed Spears | 1 | |
| Liquid Fire | 1 | |
| Reinforced Defenses | 1 | |
| Berserker Upgrade | 1 | |
9 total
» buildings
| Altar of Storms | 1 | |
| Orc Burrow | 8 | |
| Barracks | 1 | |
| Voodoo Lounge | 2 | |
| Stronghold | 1 | |
| War Mill | 2 | |
| Beastiary | 3 | |
| Great Hall | 2 | |
| Watch Tower | 7 | |
| Fortress | 2 | |
29 total
» build order
00:04 Altar of Storms
00:18 Orc Burrow
00:48 Barracks
01:25 Orc Burrow
01:41 Voodoo Lounge
02:53 Orc Burrow
03:40 Stronghold
03:55 War Mill
03:57 War Mill
06:13 Beastiary
06:17 Beastiary
07:07 Great Hall
07:29 Orc Burrow
09:24 Orc Burrow
09:49 Watch Tower
09:49 Watch Tower
09:51 Watch Tower
10:02 Orc Burrow
10:14 Watch Tower
10:15 Watch Tower
10:54 Watch Tower
11:41 Watch Tower
13:44 Beastiary
13:47 Voodoo Lounge
13:50 Fortress
15:28 Great Hall
17:36 Orc Burrow
17:37 Orc Burrow
» items
| Healing Salve | 5 | |
| Potion of Mana | 1 | |
| Orb of Lightning | 1 | |
7 total
team 2 (loser)
ReNui (
purple | 50 APM | 1019 actions | 20:29)
5 Blademaster
2 Wind Walk
3 Critical Strike
» actions
| Assign group hotkey | 11 | |
| Build / train | 63 | |
| Enter build submenu | 22 | |
| Enter hero's abilities submenu | 5 | |
| Give item / drop item | 2 | |
| Remove unit from queue | 1 | |
| Right click | 480 | |
| Select / deselect | 346 | |
| Select group hotkey | 31 | |
| Use ability | 58 | |
1019 total
» units
| Peon | 13 | |
| Troll Batrider | 28 | |
| Wind Rider | 6 | |
| Goblin Zeppelin | 1 | |
48 total
» upgrades
» buildings
| Altar of Storms | 1 | |
| Orc Burrow | 6 | |
| Stronghold | 3 | |
| War Mill | 2 | |
| Voodoo Lounge | 1 | |
| Watch Tower | 5 | |
| Beastiary | 3 | |
21 total
» build order
00:12 Altar of Storms
00:19 Orc Burrow
02:03 Stronghold
02:03 Stronghold
02:13 War Mill
03:14 Voodoo Lounge
03:19 Orc Burrow
04:06 Watch Tower
04:11 Watch Tower
04:32 Beastiary
05:01 Beastiary
05:10 Beastiary
05:16 Orc Burrow
06:49 Orc Burrow
07:49 Orc Burrow
08:49 Orc Burrow
11:49 Watch Tower
11:54 Watch Tower
12:00 Watch Tower
16:26 War Mill
» items
| Healing Salve | 2 | |
| Lesser Clarity Potion | 1 | |
| Scroll of Speed | 1 | |
4 total
teentee (
blue | 43 APM | 871 actions | 20:29)
5 Archmage
3 Summon Water Elemental
2 Brilliance Aura
» actions
| Assign group hotkey | 2 | |
| Build / train | 59 | |
| Enter build submenu | 23 | |
| Enter hero's abilities submenu | 5 | |
| Remove unit from queue | 2 | |
| Right click | 455 | |
| Select / deselect | 245 | |
| Select group hotkey | 23 | |
| Use ability | 57 | |
871 total
» units
| Peasant | 18 | |
| Siege Engine | 8 | |
| Goblin Zeppelin | 1 | |
27 total
» upgrades
| Lumber Harvesting | 1 | |
| Gunpowder | 3 | |
| Barrage | 1 | |
| Plating | 3 | |
| Masonry | 1 | |
9 total
» buildings
| Altar of Kings | 1 | |
| Farm | 13 | |
| Arcane Vault | 2 | |
| Keep | 1 | |
| Town Hall | 1 | |
| Lumber Mill | 1 | |
| Scout Tower | 6 | |
| Blacksmith | 1 | |
| Castle | 1 | |
| Workshop | 3 | |
| Guard Tower | 5 | |
35 total
» build order
00:10 Altar of Kings
00:19 Farm
00:55 Arcane Vault
01:20 Farm
02:33 Keep
04:03 Town Hall
04:15 Lumber Mill
04:33 Scout Tower
04:36 Scout Tower
05:31 Blacksmith
05:36 Farm
05:37 Farm
05:38 Farm
06:40 Castle
07:07 Scout Tower
07:11 Scout Tower
07:12 Scout Tower
07:13 Scout Tower
07:32 Workshop
07:36 Workshop
07:43 Workshop
08:18 Guard Tower
08:35 Guard Tower
08:39 Guard Tower
08:53 Farm
08:54 Farm
08:54 Farm
08:55 Farm
08:56 Farm
08:57 Farm
09:16 Guard Tower
12:03 Guard Tower
12:39 Farm
12:39 Farm
18:13 Arcane Vault
» items
| Scroll of Town Portal | 5 | |
| Lesser Clarity Potion | 1 | |
| Potion of Healing | 2 | |
8 total
TiD.Cronicle (
teal | 44 APM | 897 actions | 20:31)
2 Priestess of the Moon
1 Searing Arrows
1 Trueshot Aura
2 Keeper of the Grove
1 Entangling Roots
1 Thorns Aura
» actions
| Assign group hotkey | 9 | |
| Build / train | 28 | |
| Enter build submenu | 20 | |
| Enter hero's abilities submenu | 4 | |
| Right click | 399 | |
| Select / deselect | 281 | |
| Select group hotkey | 127 | |
| Use ability | 29 | |
897 total
» units
» buildings
| Tree of Ages | 1 | |
| Altar of Elders | 2 | |
| Moon Well | 6 | |
| Hunter's Hall | 1 | |
| Tree of Eternity | 1 | |
| Ancient of Wind | 1 | |
| Chimaera Roost | 2 | |
| Ancient of Wonders | 1 | |
| Tree of Life | 1 | |
16 total
» build order
01:16 Tree of Ages
01:23 Altar of Elders
01:40 Moon Well
03:17 Hunter's Hall
03:37 Tree of Eternity
04:35 Ancient of Wind
04:44 Moon Well
06:05 Chimaera Roost
06:56 Chimaera Roost
07:36 Moon Well
07:52 Ancient of Wonders
08:36 Moon Well
08:51 Moon Well
09:49 Moon Well
11:33 Altar of Elders
13:06 Tree of Life
» items
TiD.fl3x (
green | 63 APM | 1294 actions | 20:25)
5 Death Knight
3 Death Coil
2 Unholy Aura
4 Lich
2 Frost Nova
2 Frost Armor
» actions
| Assign group hotkey | 22 | |
| Basic commands | 1 | |
| Build / train | 55 | |
| Enter build submenu | 18 | |
| Enter hero's abilities submenu | 9 | |
| Give item / drop item | 3 | |
| Remove unit from queue | 6 | |
| Right click | 542 | |
| Select / deselect | 337 | |
| Select group hotkey | 219 | |
| Use ability | 82 | |
1294 total
» units
| Acolyte | 4 | |
| Ghoul | 8 | |
| Frost Wyrm | 10 | |
| Goblin Zeppelin | 1 | |
23 total
» upgrades
| Creature Attack | 3 | |
| Creature Carapace | 1 | |
| Freezing Breath | 1 | |
5 total
» buildings
| Crypt | 1 | |
| Ziggurat | 9 | |
| Altar of Darkness | 1 | |
| Graveyard | 1 | |
| Halls of the Dead | 1 | |
| Tomb of Relics | 1 | |
| Black Citadel | 1 | |
| Sacrificial Pit | 1 | |
| Boneyard | 2 | |
| Spirit Tower | 1 | |
| Nerubian Tower | 1 | |
20 total
» build order
00:07 Crypt
00:13 Ziggurat
00:33 Altar of Darkness
00:53 Ziggurat
02:03 Graveyard
02:25 Halls of the Dead
02:54 Tomb of Relics
04:47 Black Citadel
05:58 Sacrificial Pit
07:10 Boneyard
07:18 Boneyard
07:25 Ziggurat
08:34 Ziggurat
08:36 Ziggurat
15:32 Ziggurat
15:33 Spirit Tower
15:34 Nerubian Tower
15:38 Ziggurat
19:03 Ziggurat
19:05 Ziggurat
» items
| Rod of Necromancy | 2 | |
| Orb of Corruption | 1 | |
| Scroll of Town Portal | 3 | |
6 total
Chat log
(00:13 / Allies) Towers4Algernon: rush with first zep
(00:34 / Allies) Towers4Algernon: nah bring towers, rush on both sides
(00:35 / Allies) Towers4Algernon: with first zep
(00:45 / Allies) TIMG4STRok: word
(00:52 / Allies) Starshaped: gay
(00:53 / Allies) Towers4Algernon: lol!!!
(00:59 / Allies) Starshaped: thought creeps had 0 vision
(01:02 / Allies) Starshaped: unless guarding a mine
(01:13 / Allies) Towers4Algernon: no some of them they dont bother to set to passive
(01:21 / Allies) Starshaped: gay
(03:44 / Allies) Towers4Algernon: halfway to zep
(04:52 / Allies) TIMG4STRok: starshaped level 1
(04:58 / Allies) Starshaped: 2
(05:01 / Allies) Starshaped: biotch
(05:06 / Allies) Towers4Algernon: share
(05:50 / Allies) Towers4Algernon: me and pink
(05:51 / Allies) Towers4Algernon: rush bottom
(05:53 / Allies) Towers4Algernon: you guys rush left
(05:57 / Allies) Starshaped: lol i have no units yet
(06:03 / Allies) Towers4Algernon: better hurry nooba$$
(06:19 / Allies) Starshaped: prueh
(06:21 / Allies) Starshaped: purge
(06:22 / Allies) Starshaped: is gay
(06:29 / Allies) TimGandDaGooble: dat why u dont summon it
(06:31 / Allies) TimGandDaGooble: right away
(06:35 / Allies) Towers4Algernon: ready to buy zep all ?
(06:39 / Allies) Starshaped: didnt know they ahd purge
(06:39 / Allies) Starshaped: tho
(07:18 / Allies) Towers4Algernon: level 4 n good to go
(07:25 / Allies) TIMG4STRok: howd you get 4
(07:28 / Allies) TIMG4STRok: toxp?
(07:33 / Allies) TimGandDaGooble: the water eles
(07:37 / Allies) Towers4Algernon: yeom
(07:42 / Allies) Towers4Algernon: zep up i m gone
(07:48 / Allies) Towers4Algernon: actually buyin g2
(08:27 / Allies) Towers4Algernon: gone
(09:01 / Allies) Towers4Algernon: watch out for bats
(09:07 / Allies) Towers4Algernon: i got towers so we can land outside base
(09:30 / Allies) Starshaped: they will tp
(09:44 / Allies) Towers4Algernon: im gone
(09:57 / Allies) TIMG4STRok: THEY All here
(10:17 / Allies) Towers4Algernon: you guys got aa
(10:18 / All) Towers4Algernon: ?
(10:20 / Allies) TimGandDaGooble: no
(10:26 / Allies) Towers4Algernon: teal is out i think
(10:33 / Allies) Starshaped: they tping
(11:25 / Allies) Towers4Algernon: wyrms..
(11:33 / Allies) TimGandDaGooble: hes getting halled lmao
(11:35 / Allies) TimGandDaGooble: wow
(11:37 / Allies) TimGandDaGooble: wow
(11:43 / Allies) Towers4Algernon: we need roosts also
(12:33 / Allies) TIMG4STRok: any wood
(13:13 / Allies) Starshaped: kill that well
(13:14 / Allies) Starshaped: for expo
(13:23 / Allies) Towers4Algernon: that roost..
(13:26 / Allies) Starshaped: free exp
(13:31 / Allies) Towers4Algernon: f1ne
(13:31 / Allies) Starshaped: if it come sout
(14:08 / Allies) Towers4Algernon: its not crept
(14:53 / Allies) Towers4Algernon: ill take that
(14:57 / Allies) Starshaped: k
(15:12 / Allies) Starshaped: wood?
(15:43 / Allies) Towers4Algernon: yepppppppp im going
(16:11 / Allies) Starshaped: woah
(16:11 / Allies) Towers4Algernon: holy canoly
(16:14 / Allies) Towers4Algernon: blue is taking mid
(16:46 / Allies) Starshaped: wood?
(16:54 / Allies) Starshaped: orange
(16:56 / Allies) Starshaped: wood plz
(17:04 / Allies) Starshaped: u got 3k
(17:21 / Allies) Starshaped: taloooons
(17:22 / Allies) Starshaped: wood me
(17:32 / Allies) Starshaped: ty
(18:01 / Allies) Towers4Algernon: gonna drop blade on ud island
(18:04 / Allies) Towers4Algernon: for some rasslin
(18:35 / Allies) Towers4Algernon: hmm sappers ?
(19:03 / Allies) TIMG4STRok: this is funny
(19:47 / Allies) Towers4Algernon: get him
(20:10 / Allies) Towers4Algernon: 6 off that dk
(20:10 / Allies) Starshaped: am
(20:13 / Allies) Starshaped: i need 6
(20:22 / Allies) Towers4Algernon: i gotta bail...
(20:27 / Allies) Starshaped: so did h
(20:28 / Allies) Starshaped: e